 Dungeon Crawl Stone Soup version 0.22.0 (webtiles) character file.

72 benacre the Chopper (level 4, -6/40 HPs)
             Began as a Hill Orc Monk on Aug 21, 2018.
             Killed from afar by Ijyb (8 damage)
             ... with a wand of acid (10)
             ... on level 3 of the Dungeon.
             The game lasted 00:03:13 (2020 turns).

benacre the Chopper (Hill Orc Monk)                 Turns: 2020, Time: 00:03:13

Health: -6/40      AC:  3    Str: 14    XL:     4   Next: 26%
Magic:  4/4        EV: 11    Int: 10    God:
Gold:   37         SH:  0    Dex: 13    Spells: 3/3 levels left

rFire    . . .     SeeInvis +   a - +0 hand axe
rCold    . . .     Gourm    .   (no shield)
rNeg     . . .     Faith    .   r - +0 ring mail
rPois    .         Spirit   .   b - +0 helmet
rElec    .         Reflect  .   n - +0 cloak
rCorr    .         Harm     .   (no gloves)
MR       .....                  (no boots)
Stlth    +.........             (no amulet)
HPRegen  0.13/turn              h - ring of flight
MPRegen  0.09/turn              j - ring of see invisible

@: corroded
A: no striking features
a: Evoke Flight


You were on level 3 of the Dungeon.
You were hungry.

You visited 1 branch of the dungeon, and saw 3 of its levels.

You collected 37 gold pieces.

Inventory:

Hand Weapons
 a - a +0 hand axe (weapon)
Missiles
 k - 34 stones (quivered)
Armour
 b - a +0 helmet (worn)
 n - a +0 cloak (worn)
 r - a +0 ring mail (worn)
Jewellery
 h - a ring of flight (left hand)
 j - a ring of see invisible (right hand)
Scrolls
 d - a scroll of enchant weapon {unknown}
 e - 6 scrolls of identify {unknown}
 g - a scroll of fog {unknown}
 i - a scroll of enchant armour {unknown}
 m - a scroll of remove curse {unknown}
 o - a scroll of noise {unknown}
 q - a scroll of teleportation {unknown}
Potions
 f - a potion of curing {unknown}
 l - 2 potions of degeneration {unknown}
 p - a potion of agility {unknown}
Comestibles
 c - 9 rations


   Skills:
 - Level 4.0 Fighting
 + Level 6.3 Axes
 - Level 2.4 Dodging
 - Level 1.5 Stealth


You had 3 spell levels left.
You didn't know any spells.
Your spell library was empty.

Dungeon Overview and Level Annotations

Branches:
Dungeon (3/15)

Altars:

Annotations:
D:3 Ijyb


Message History

Ijyb hits you but does no damage.
You hit Ijyb but do no damage.
Ijyb is moderately wounded.
Ijyb hits you but does no damage.
You barely miss Ijyb.
Ijyb is moderately wounded.
Ijyb closely misses you.
You closely miss Ijyb.
Ijyb is moderately wounded.
Ijyb hits you but does no damage.
You are electrocuted!
You hit Ijyb but do no damage.
Ijyb is moderately wounded.
Ijyb zaps a wand.
The bolt of acid hits you!
* * * LOW HITPOINT WARNING * * *
The acid corrodes you!
You are splashed with acid!
The acid burns!
* * * LOW HITPOINT WARNING * * *
You aren't carrying any items that you can evoke.
Ijyb screams, "Me stronger than you!"
Ijyb zaps a wand.
The bolt of acid hits you!
You die...

..................#.......#
..........#...###.#.#.###.#
..........#.### #.#.#...#.#
####.####.#.# #.#.#.#.#.#
#......#.# #.#.###.#.#
######....>.#.# #.#.....#.#
.........[..#.# #.#######.#
#####......#.# #.........#
#########......#@###############
...............#..g......
##.#######.....#####..### #.#
#####.†...# # ##.###.........#
....#>.<##>.......
....#...##....###.
....#...####### ....#...#


You could see Ijyb.

Vanquished Creatures
  An adder (D:2)
  4 dart slugs
  A giant cockroach (D:1)
  7 goblins
  7 hobgoblins
  4 jackals
  A ball python (D:2)
  7 bats (D:1)
  7 frilled lizards
  6 kobolds
  12 rats
57 creatures vanquished.

Notes
Turn   | Place    | Note
-------+----------+-------------------------------------------
     0 | D:1      | benacre the Hill Orc Monk began the quest for the Orb.
     0 | D:1      | Reached XP level 1. HP: 19/19 MP: 1/1
    89 | D:1      | Reached XP level 2. HP: 14/27 MP: 2/2
   465 | D:1      | Reached skill level 5 in Axes
   501 | D:1      | Reached XP level 3. HP: 28/33 MP: 3/3
  1456 | D:2      | Reached skill level 6 in Axes
  1456 | D:2      | Reached XP level 4. HP: 35/40 MP: 4/4
  1559 | D:2      | Found a faded altar of an unknown god.
  2008 | D:3      | Noticed Ijyb
  2019 | D:3      | HP: 2/40 [acid (8)]
  2020 | D:3      | Killed from afar by Ijyb

Skill      XL: |  1  2  3 |
---------------+----------+-----
Fighting       | 4 |  4.0
Axes           | 5 6 |  6.3
Dodging        | |  2.4
Stealth        | |  1.5

Action                   |  1- 3 |  4- 6 || total
-------------------------+-------+-------++-------
Melee: Hand axe          |   138 |    42 ||   180
 Stab: Sleeping          |     5 |     1 ||     6
  Eat: Chunk             |     1 |     2 ||     3
Armor: Robe              |    18 |     3 ||    21
       Ring mail         |       |     3 ||     3
Dodge: Dodged            |   104 |    16 ||   120
